AoeStats
← gazza17

Arena

513239535Analyzed
4v4 RM · 4d ago on Oct 12, 2026· 57m 25s· 8 players
Game mode
Random Map
Map size
Large (8 player)
Population
200
Speed
Normal
Resources
Standard
Victory
Conquest
Starting age
Dark Age
Ending age
Imperial Age
RankedLock teamsTeams togetherTeam positionsShared explorationLock speedFull tech treeHidden civsTurbo modeCheats
Victory
Defeat
🇬🇧 Bohemians · United Kingdom
937
+11
🇨🇿 Turks · Czechia
799
+17
🇧🇴 Lithuanians · Bolivia
790
+17
🇬🇧 Bulgarians · United Kingdom
675
+21
vs
🇦🇷 Bohemians · Argentina
845
-18
🇦🇷 Spanish · Argentina
804
-16
🇦🇷 Byzantines · Argentina
800
-16
🇦🇷 Teutons · Argentina
794
-16
Edcastillo
10:08 Feudal Age
10:34 Double-Bit Axe
12:57 Horse Collar
17:30 Castle Age
15:42 Stone Mining
24:47 Heavy Plow
26:14 Wheelbarrow
26:23 Bow Saw
27:34 Hand Cart
30:47 Imperial Age
28:07 Pikeman
28:48 Squires
31:51 Gold Mining
35:47 Forging
35:37 Scale Mail Armor
35:43 Scale Barding Armor
35:11 Elite Leitis
36:41 Halberdier
41:45 Arson
43:31 Two-Man Saw
44:06 Onager
48:45 Iron Casting
48:26 Chain Mail Armor
48:31 Chain Barding Armor
54:43 Plate Barding Armor
gazza17
11:19 Feudal Age
11:54 Loom
12:46 Double-Bit Axe
16:59 Castle Age
16:08 Double-Bit Axe
16:05 Horse Collar
17:44 Fletching
19:13 Wheelbarrow
20:44 Chemistry
21:25 Bow Saw
21:18 Heavy Plow
23:36 Padded Archer Armor
26:40 Masonry
29:42 Leather Archer Armor
31:09 Hand Cart
38:21 Imperial Age
37:05 Bodkin Arrow
37:33 Ballistics
37:29 Fortified Wall
39:26 Houfnice
43:19 Ring Archer Armor
42:49 Bracer
KrpyCZ
10:38 Feudal Age
11:32 Double-Bit Axe
16:27 Castle Age
19:35 Wheelbarrow
24:36 Bow Saw
26:00 Hand Cart
26:17 Gold Mining
27:01 Horse Collar
28:21 Fletching
28:46 Stone Mining
29:55 Heavy Plow
34:48 Imperial Age
33:24 Scale Mail Armor
33:35 Forging
33:21 Bodkin Arrow
34:38 Scale Barding Armor
35:10 Iron Casting
35:00 Bloodlines
35:57 Husbandry
39:33 Ballistics
39:34 Bombard Tower
41:11 Conscription
44:23 Elite Janissary
45:17 Artillery
48:58 Chain Barding Armor
49:39 Blast Furnace
48:39 Bracer
48:40 Padded Archer Armor
56:58 Plate Barding Armor
56:39 Chain Mail Armor
56:39 Leather Archer Armor
PersianT
12:37 Feudal Age
14:14 Double-Bit Axe
15:04 Loom
19:49 Castle Age
17:59 Horse Collar
21:48 Husbandry
26:53 Scale Barding Armor
31:49 Chain Barding Armor
35:41 Forging
38:22 Imperial Age
36:31 Wheelbarrow
35:42 Town Watch
39:47 Hand Cart
39:36 Cavalier
41:51 Capped Ram
42:50 Town Patrol
43:29 Plate Barding Armor
43:30 Iron Casting
49:24 Siege Ram
55:10 Blast Furnace
SalvadorErb
11:52 Feudal Age
15:57 Castle Age
15:05 Double-Bit Axe
27:04 Bow Saw
26:52 Horse Collar
27:45 Loom
30:33 Wheelbarrow
34:01 Imperial Age
35:52 Chemistry
34:35 Elite Hussite Wagon
44:28 Hand Cart
44:43 Hand Cart
48:57 Pikeman
49:41 Squires
49:30 Arson
49:34 Halberdier
53:52 Conscription
VirginiaBu
2:36 Loom
4:01 Loom
12:10 Loom
14:50 Feudal Age
19:52 Castle Age
19:10 Double-Bit Axe
28:47 Bow Saw
35:35 Imperial Age
43:32 Gold Mining
51:20 Ballistics
51:14 Scale Mail Armor
51:25 Forging
LorenzoErb
8:27 Loom
10:15 Feudal Age
14:24 Castle Age
13:22 Double-Bit Axe
16:10 Gold Mining
16:05 Horse Collar
19:43 Fletching
29:58 Imperial Age
31:39 Chemistry
36:03 Bow Saw
44:03 Cavalier
45:10 Bloodlines
45:15 Scale Barding Armor
45:21 Forging
45:43 Husbandry
46:12 Paladin
47:25 Chain Barding Armor
49:43 Iron Casting
52:33 Blast Furnace
52:25 Plate Barding Armor
GustavoErb
8:44 Loom
13:04 Feudal Age
17:51 Castle Age
16:07 Horse Collar
18:49 Wheelbarrow
21:47 Double-Bit Axe
28:30 Heavy Plow
28:50 Bow Saw
33:21 Scale Barding Armor
33:27 Forging
38:07 Gold Mining
39:21 Iron Casting
39:11 Chain Barding Armor
40:17 Gold Shaft Mining
42:50 Hand Cart
50:16 Imperial Age
50:19 Elite Cataphract
51:51 Plate Barding Armor
51:45 Logistica
Connection lost

Rejoining the realm…

Still unreachable

The connection could not be restored.

Session expired

The server has moved on; the page needs a fresh start.